 Dungeon Crawl Stone Soup version 0.23-a0-85-g22930c1 (webtiles) character file.

10 Wesco the Vexing (level 2, -2/19 HPs)
             Began as a Vampire Enchanter on Aug 13, 2018.
             Slain by an adder (3 damage)
             ... on level 2 of the Dungeon.
             The game lasted 00:08:09 (882 turns).

Wesco the Vexing (Vampire Enchanter)                 Turns: 882, Time: 00:08:10

Health: -2/19      AC:  2    Str:  7    XL:     2   Next: 10%
Magic:  4/5        EV: 12    Int: 17    God:
Gold:   86         SH:  0    Dex: 14    Spells: 4/5 levels left

rFire    . . .     SeeInvis +   a - +1 dagger
rCold    . . .     Gourm    .   (no shield)
rNeg     + . .     Faith    .   b - +0 robe
rPois    .         Spirit   .   (no helmet)
rElec    .         Reflect  .   (no cloak)
rCorr    .         Harm     .   (no gloves)
MR       .....     Rnd*Rage +   (no boots)
Stlth    ++++......             (no amulet)
HPRegen  0.06/turn              h - ring of stealth
MPRegen  0.09/turn              (no ring)

@: no status effects
A: fangs 3, see invisible, berserk 1, unbreathing, evolution 1, MP-powered wands
a: no special abilities


You were on level 2 of the Dungeon.
You were not thirsty.

You visited 1 branch of the dungeon, and saw 2 of its levels.

You collected 86 gold pieces.

Inventory:

Hand Weapons
 a - a +1 dagger (weapon)
 l - a +0 short sword
Missiles
 c - 14 poisoned needles
 e - 15 arrows
 g - 51 stones (quivered)
 k - 4 needles of confusion
Armour
 b - a +0 robe (worn)
Jewellery
 h - a ring of stealth (left hand)
Scrolls
 f - a scroll of remove curse
 j - a scroll of enchant weapon {unknown}
Potions
 d - 2 potions of blood


   Skills:
 * Level 0.2 Fighting
 * Level 1.4 Short Blades
 + Level 2.2 Dodging
 + Level 4.6 Stealth
 + Level 2.0 Spellcasting
 + Level 4.7 Hexes


You had 4 spell levels left.
You knew the following spells:

 Your Spells              Type           Power        Failure   Level  Hunger
a - Corona                Hex            ###....      2%          1    #......

Your spell library contained the following spells:

 Spells                   Type           Power        Failure   Level  Hunger
 Confuse                  Hex            ###.....     9%          3    ###....
 Tukima's Dance           Hex            ###.....     9%          3    ###....
 Ensorcelled Hibernation  Hex/Ice        #.....       11%         2    ###....
 Dazzling Spray           Conj/Hex       #.....       22%         3    ###....


Dungeon Overview and Level Annotations

Branches:
Dungeon (2/15)

Altars:


Innate Abilities, Weirdness & Mutations

You have razor-sharp teeth.
You have supernaturally acute eyesight. (SInv)
You can survive without breathing.
You tend to lose your temper in combat.
You evolve.
You expend magic power (3 MP) to strengthen your wands.


Message History

You hit the giant cockroach but do no damage.
The kobold hits you. The goblin hits you. The adder bites you.
* * * LOW HITPOINT WARNING * * *
The giant cockroach bites you but does no damage.
You barely miss the giant cockroach.
You bite the giant cockroach, but do no damage.
The kobold hits you.
* * * LOW HITPOINT WARNING * * *
The goblin closely misses you. The adder closely misses you.
The giant cockroach barely misses you. The adder closely misses you.
Yummy - fresh blood!
The adder bites you.
* * * LOW HITPOINT WARNING * * *
The kobold closely misses you. The goblin barely misses you.
The adder closely misses you. The giant cockroach misses you.
It was a potion of mutation.
You feel extremely strange.
You feel a little pissed off.
You feel your magical essence link to your wands.
You feel nature experimenting on you.
Don't worry, failures die fast.
The adder bites you.
You die...

.## .#
#######..##.#
##......#.#..#
##..<........#
#...........#
#......<....#
#...........#
#...........#
.......S@K..#
##.....gsS......
#......r.#.###.
#.$.........$#
...........#...
............ .#.
...........#.#
..........##


You could see 2 adders, a quokka, a giant cockroach, a goblin and a kobold.

Vanquished Creatures
  2 leopard geckos (D:1)
  2 giant cockroaches (D:1)
  A hobgoblin (D:1)
  A kobold (D:1)
  A frilled lizard (D:1)
7 creatures vanquished.

Notes
Turn   | Place    | Note
-------+----------+-------------------------------------------
     0 | D:1      | Wesco the Vampire Enchanter began the quest for the Orb.
     0 | D:1      | Reached XP level 1. HP: 13/13 MP: 3/3
   530 | D:1      | Reached XP level 2. HP: 19/19 MP: 5/5
   882 | D:2      | Gained mutation: You tend to lose your temper in combat. [potion of mutation]
   882 | D:2      | Gained mutation: You expend magic power (3 MP) to strengthen your wands. [potion of mutation]
   882 | D:2      | Gained mutation: You evolve. [potion of mutation]
   882 | D:2      | Slain by an adder

Vault maps used:
D:1:      shiori_shiawase

Action                   || total
-------------------------++-------
Melee: Dagger            ||    22
       Bite              ||     2
Throw: Throwing net      ||     1
 Cast: Corona            ||     6
  Use: Scroll            ||     3
       Potion            ||     2
 Stab: Sleeping          ||     2
Armor: Robe              ||     4
Dodge: Dodged            ||    22

Table legend:
 A = Non-vault XP
 B = Vault XP
 C = Vault XP percentage of total XP
 D = Non-vault monster count
 E = Vault monster count
 F = Vault count percentage of total count
 G = Total turns spent on level
                 A         B        C        D         E       F
            +---------+---------+-------+---------+---------+-------
      Total |      15 |       0 |   0.0 |       7 |       0 |   0.0
            +---------+---------+-------+---------+---------+-------
        D:1 |      15 |       0 |   0.0 |       7 |       0 |   0.0
            +---------+---------+-------+---------+---------+-------
